 Dungeon Crawl Stone Soup version 0.15-a0-35-ga771cbd (webtiles) character file.

43065 Econoterrorist the Bludgeoner (level 14, -3/92 HPs)
             Began as a Gargoyle Fighter on Apr 2, 2014.
             Was the Champion of Okawaru.
             Killed from afar by TZer0's ghost (39 damage)
             ... with a bolt of magma
             ... on Level 8 of the Lair of Beasts.
             The game lasted 01:36:36 (17110 turns).

Econoterrorist the Bludgeoner (Gargoyle Fighter)   Turns: 17110, Time: 01:36:36

HP  -3/92        AC 32     Str 29      XL: 14   Next: 20%
MP  14/14        EV 11     Int 16      God: Okawaru [******]
Gold 568         SH 28     Dex 19      Spells:  0 memorised, 13 levels left

rFire  + + .     SeeInvis .     e - +0,+5 eveningstar "Athy" {crush, Dex+4 Int+3}
rCold  + + .     Clarity  .     D - +0 plate armour
rNeg   + + +     Conserve .     x - -1 shield of Tulips {rPois rC+}
rPois  +         rCorr    .     u - +0 helmet of Untruth {rF+ MR+ Str+3}
rElec  +         rRot     +     h - +0 cloak of Starlight {rElec rC+ EV+4 Stlth-}
SustAb . .       Spirit   .     U - +1 pair of gloves {Dex+3}
rMut   .         Warding  +     O - +0 pair of boots
Saprov . . .     Stasis   .     P - amulet of Naac {Ward rF+}
MR     ++...                    T - +3 ring of dexterity
                                v - ring of positive energy

@: mighty, very resistant to hostile enchantments, extremely unstealthy
A: able to fly continuously, large and strong wings, life protection 1,
electricity resistance, unbreathing, petrification resistance, AC +9
a: Fly, Heroism, Finesse, Renounce Religion


You were on level 8 of the Lair of Beasts.
You worshipped Okawaru.
Okawaru was exalted by your worship.
You were hungry.

You visited 3 branches of the dungeon, and saw 18 of its levels.
You also visited: Labyrinth, Ossuary and Bailey.

You collected 1094 gold pieces.
You spent 526 gold pieces at shops.

Inventory:

Hand weapons
 e - the +0,+5 eveningstar "Athy" (weapon) {crush, Dex+4 Int+3}
   (You acquired it on level 6 of the Lair of Beasts)

   It inflicts extra damage upon your enemies.
   It affects your intelligence (+3).
   It affects your dexterity (+4).
Armour
 h - the +0 cloak of Starlight (worn) {rElec rC+ EV+4 Stlth-}
   (You found it on level 5 of the Dungeon)

   It affects your evasion (+4).
   It protects you from cold.
   It insulates you from electricity.
   It makes you much less stealthy.
 u - the +0 helmet of Untruth (worn) {rF+ MR+ Str+3}
   (Okawaru gifted it to you on level 6 of the Lair of Beasts)

   It affects your strength (+3).
   It protects you from fire.
   It affects your resistance to hostile enchantments.
 x - the -1 shield of Tulips (worn) {rPois rC+}
   (Okawaru gifted it to you on level 4 of the Lair of Beasts)

   It protects you from cold.
   It protects you from poison.
 D - a +0 plate armour (worn)
 O - a +0 pair of boots (worn)
 U - a +1 pair of gloves of dexterity (worn)
Magical devices
 a - a wand of lightning (1)
 m - a wand of fireball (1)
 s - a wand of magic darts (11)
 B - a wand of paralysis (0)
Comestibles
 d - 10 bread rations
 i - 5 meat rations
 F - a rotting chunk of water moccasin flesh
 M - 7 apples
Scrolls
 c - 2 scrolls of enchant weapon II
 j - 11 scrolls of identify
 n - a scroll of enchant weapon I
 o - 7 scrolls of remove curse
 p - a scroll of fog
 y - a scroll of blinking
 A - 2 scrolls of fear
 C - 2 scrolls of magic mapping
 H - 2 scrolls of teleportation
 L - a scroll of recharging {unknown}
Jewellery
 g - an uncursed amulet of conservation
 r - an uncursed ring of wizardry
 v - a ring of positive energy (left hand)
 I - an uncursed amulet of resist mutation
 P - the amulet of Naac (around neck) {Ward rF+}
   (You bought it in a shop on level 9 of the Dungeon)

   [amulet of warding]

   It protects you from fire.
 T - a +3 ring of dexterity (right hand)
 V - the ring of Shy Smits {Ice Str+3 Int+2 Curse}
   (You found it on level 1 of the Lair of Beasts)

   [ring of ice]

   It affects your strength (+3).
   It affects your intelligence (+2).
   It may recurse itself when equipped.
Potions
 b - 3 potions of agility
 f - 2 potions of invisibility
 k - 6 potions of restore abilities
 l - 5 potions of heal wounds
 q - a potion of brilliance {unknown}
 t - 10 potions of curing
 w - 2 potions of haste
 E - a potion of resistance {unknown}
 G - 3 potions of mutation {unknown}
 J - a potion of paralysis {unknown}
 K - 2 potions of cure mutation {unknown}
 S - a potion of berserk rage {unknown}
 X - 2 potions of poison {unknown}


   Skills:
 + Level 12.3 Fighting
 - Level 16.1 Maces & Flails
 + Level 12.0 Armour
 * Level 12.3 Shields


You had 13 spell levels left.
You didn't know any spells.

Dungeon Overview and Level Annotations

Branches:
Dungeon (9/15)             Temple (1/1) D:6            Lair (8/8) D:9
 Shoals (0/5) Lair:3        Snake (0/5) Lair:6        Slime (0/6) Lair:6
    Orc: D:9-12

Altars:
Cheibriados
Dithmenos
Elyvilon
Kikubaaqudgha
Nemelex Xobeh
Okawaru
Sif Muna
Trog
Vehumet
Xom
Zin

Shops:
D:4 ?   D:5 (   D:8 =   D:9 =

Annotations:
Lair:8 TZer0's ghost, powerful GrEE


Innate Abilities, Weirdness & Mutations

You are resistant to torment.
You are immune to poison.
You are immune to rotting.
You can fly continuously.
Your stone body is very resilient (AC +9).
Your wings are large and strong.
You resist negative energy.
You are resistant to electric shocks.
You can survive without breathing.
You are immune to petrification.


Message History

You feel very mighty all of a sudden!
TZer0's ghost points at you and mumbles some strange words!
You are unaffected!
You block the komodo dragon's attack!
You beat TZer0's ghost like a drum!
TZer0's ghost is moderately damaged!
You closely miss TZer0's ghost!
TZer0's ghost is moderately damaged!
TZer0's ghost points at you and mumbles some strange words!
You easily resist!
You block the komodo dragon's attack!
You flatten TZer0's ghost but do no damage!
TZer0's ghost is moderately damaged!
TZer0's ghost conjures an orb of pure magic!
The wavering orb of destruction weakly hits you!!!
The komodo dragon misses you!
You completely miss TZer0's ghost!
TZer0's ghost is moderately damaged!
You are feeling hungry!
TZer0's ghost casts a spell at you! The bolt of magma hits you!!!
You partially resist!
You die!!!

................#....P......
...................##......
..................## #...f.
.................## .....
................#####....P
....#.P......#......P
....##P.......?#.P..
.....P#.....l.........
.....f.%...jp@........
......f...............
.....................
......#P......#.fff..
...#.##......#.ff... #.##
.........f... #............
#.......P... .........


You could see an elephant slug, a komodo dragon and TZer0's ghost.

Vanquished Creatures
  A minotaur (Lab)
  The ghost of Econoterrorist the Unseen, a powerful SpEn of Dithmenos (Lair:8)
  The ghost of ciphuk the Destroyer, a powerful DECj of Vehumet (Lair:5)
  Harold (Lair:3)
  5 hydras
  8 death yaks
  Nergalle (Lair:1)
  A lindwurm (Lair:8)
  Pikel (D:5)
  3 griffons
  Maurice (D:8)
  3 black mambas
  9 spiny frogs
  6 elephants (Lair:6)
  A giant firefly (Lair:1)
  4 komodo dragons
  A fire drake (Lair:6)
  Prince Ribbit (Lair:1)
  A two-headed ogre (D:9)
  16 blink frogs
  4 brown oozes (Lair:6)
  A boulder beetle (Lair:8)
  A basilisk (Lair:2)
  20 yaks
  2 spriggans
  5 sharks
  4 hippogriffs
  3 elephant slugs
  16 wolves
  2 steam dragons
  Eustachio (D:7)
  A wyvern (Lair:5)
  12 water moccasins
  2 nagas (Lair:6)
  Menkaure (D:4)
  A mottled dragon (Lair:7)
  A sky beast (D:8)
  8 porcupines
  2 swamp drakes (Lair:7)
  2 orc warriors
  3 giant goldfish
  5 ogres
  9 crocodiles
  2 centaurs
  2 phantoms
  A boring beetle (Lair:7)
  13 giant frogs
  3 big kobolds
  5 giant slugs
  A water moccasin zombie (D:5)
  3 scorpions
  3 killer bees (D:9)
  2 electric eels
  6 crimson imps
  A vampire bat (Lair:5)
  A giant frog zombie (D:5)
  13 hounds
  A goliath beetle (D:9)
  A quasit (D:9)
  A centaur zombie (Ossuary)
  3 orc priests
  4 big fish
  A giant frog skeleton (D:4)
  A jelly (D:8)
  14 iguanas
  2 orc wizards
  6 worker ants
  12 sheep (Lair:4)
  2 spectral orcs (Lair:1)
  2 big kobold zombies (Ossuary)
  5 mummies (Ossuary)
  A worker ant zombie (D:9)
  18 adders
  21 gnolls
  49 green rats
  A shadow imp (D:9)
  4 giant mites
  5 worms
  2 giant eyeballs
  7 giant geckos
  31 orcs
  9 giant cockroaches
  3 gnoll zombies (Ossuary)
  8 goblins
  20 hobgoblins
  30 jackals
  31 kobolds
  12 quokkas
  A ball python (D:4)
  34 bats
  2 giant newts
  A hobgoblin skeleton (D:6)
  2 hobgoblin zombies
  An orc zombie (Ossuary)
  A quokka zombie (D:6)
  21 rats
  A rat zombie (D:6)
  2 fungi
  A plant (Lair:7)
602 creatures vanquished.

Vanquished Creatures (others)
  A worker ant (D:5)
  A green rat (Lair:1)
  A gnoll (D:5)
  An orc (D:5)
  2 jackals (D:5)
  A giant gecko (D:5)
  2 fungi
9 creatures vanquished.

Grand Total: 611 creatures vanquished

Notes
Turn   | Place    | Note
--------------------------------------------------------------
     0 | D:1      | Econoterrorist, the Gargoyle Fighter, began the quest for the Orb.
     0 | D:1      | Reached XP level 1. HP: 14/14 MP: 1/1
   219 | D:1      | Reached XP level 2. HP: 19/19 MP: 2/2
   843 | D:1      | Found a shadowy altar of Dithmenos.
   909 | D:2      | Reached XP level 3. HP: 21/23 MP: 3/3
  1018 | D:2      | Reached skill level 4 in Maces & Flails
  1607 | D:3      | Reached XP level 4. HP: 23/28 MP: 4/4
  1743 | D:3      | Reached skill level 5 in Maces & Flails
  2153 | D:4      | Reached XP level 5. HP: 32/32 MP: 5/5
  2194 | D:4      | Noticed an ogre
  2215 | D:4      | Killed an ogre
  2215 | D:4      | Reached skill level 6 in Maces & Flails
  2272 | D:4      | Noticed an ogre
  2294 | D:4      | Killed an ogre
  2294 | D:4      | Reached XP level 6. HP: 26/37 MP: 6/6
  2509 | D:4      | Reached skill level 7 in Maces & Flails
  2661 | D:4      | Reached XP level 7. HP: 35/42 MP: 7/7
  2680 | D:4      | Noticed a big kobold
  2694 | D:4      | Killed a big kobold
  2804 | D:4      | Found Ripaeppasch's Magic Scroll Boutique.
  2807 | D:4      | Bought a scroll of noise for 14 gold pieces
  2807 | D:4      | Bought a scroll of identify for 28 gold pieces
  2807 | D:4      | Bought a scroll of remove curse for 42 gold pieces
  2807 | D:4      | Bought a scroll of random uselessness for 14 gold pieces
  2872 | D:4      | Noticed Menkaure
  2883 | D:4      | Killed Menkaure
  3110 | D:4      | Paralysed by a giant eyeball for 2 turns
  3183 | D:5      | Entered Level 5 of the Dungeon
  3212 | D:5      | Noticed Pikel
  3357 | D:5      | Found a bloodstained altar of Trog.
  3434 | D:5      | Reached skill level 8 in Maces & Flails
  3434 | D:5      | Reached XP level 8. HP: 44/48 MP: 8/8
  3520 | D:5      | Killed Pikel
  3520 | D:5      | Reached skill level 5 in Fighting
  3520 | D:5      | Reached skill level 5 in Armour
  3520 | D:5      | Reached skill level 5 in Shields
  3564 | D:5      | Found Kakh's Weapon Emporium.
  3856 | D:5      | Reached skill level 9 in Maces & Flails
  4019 | D:5      | Found a shimmering altar of Xom.
  4210 | D:5      | Reached XP level 9. HP: 53/55 MP: 9/9
  4280 | D:6      | Found a staircase to the Ecumenical Temple.
  4289 | Temple   | Entered the Ecumenical Temple
  4293 | Temple   | Became a worshipper of Warmaster Okawaru
  4435 | D:6      | Found a sand-covered staircase.
  4442 | Ossuary  | Entered an ossuary
  5091 | D:6      | Reached skill level 10 in Maces & Flails
  5098 | D:6      | HP: 1/55 [orc priest/divine providence (17)]
  5138 | D:6      | Acquired Okawaru's first power
  5958 | D:7      | Noticed Eustachio
  5986 | D:7      | Killed Eustachio
  6106 | D:7      | Reached XP level 10. HP: 61/63 MP: 10/10
  6631 | D:8      | Paralysed by a giant eyeball for 4 turns
  6663 | D:8      | Reached skill level 11 in Maces & Flails
  6779 | D:8      | Found a flagged portal.
  6792 | Bailey   | Entered a bailey
  7152 | D:8      | Noticed Maurice
  7167 | D:8      | Paralysed by something for 6 turns
  7181 | D:8      | Paralysed by something for 4 turns
  7204 | D:8      | Found Mucweism's Jewellery Shop.
  7222 | D:8      | Bought a cursed ring of hunger for 22 gold pieces
  7290 | D:8      | Found a glowing silver altar of Zin.
  7649 | D:8      | Found a radiant altar of Vehumet.
  8017 | D:8      | Killed Maurice
  8109 | D:9      | Found Ycvat's Jewellery Emporium.
  8118 | D:9      | Found an ancient bone altar of Kikubaaqudgha.
  8119 | D:9      | Bought the amulet of Naac {Ward rF+} for 406 gold pieces
  8210 | D:9      | Reached skill level 12 in Maces & Flails
  8384 | D:9      | Found a bloodstained altar of Trog.
  8850 | D:9      | Found a staircase to the Lair.
  8908 | Lair:1   | Entered Level 1 of the Lair of Beasts
  8913 | Lair:1   | Reached XP level 11. HP: 69/69 MP: 11/11
  8914 | Lair:1   | Got a smoking pewter ring
  8916 | Lair:1   | Identified the ring of Shy Smits {Ice Str+3 Int+2 Curse} (You found it on level 1 of the Lair of Beasts)
  9321 | Lair:1   | Noticed a four-headed hydra
  9334 | Lair:1   | Killed a four-headed hydra
  9496 | Lair:1   | Noticed a spriggan rider
  9519 | Lair:1   | Killed a spriggan
  9520 | Lair:1   | Killed a giant firefly
  9542 | Lair:1   | Noticed Nergalle
  9584 | Lair:1   | Killed Nergalle
  9586 | Lair:1   | Acquired Okawaru's second power
  9731 | Lair:1   | Noticed Prince Ribbit
  9741 | Lair:1   | Killed Prince Ribbit
  9741 | Lair:1   | Reached skill level 13 in Maces & Flails
 10866 | Lair:2   | Noticed a death yak
 10867 | Lair:2   | Noticed a death yak
 10881 | Lair:2   | Reached XP level 12. HP: 72/77 MP: 12/12
 11317 | Lair:3   | Found an iron altar of Okawaru.
 11501 | Lair:3   | Reached skill level 10 in Fighting
 11510 | Lair:3   | Found a staircase to the Shoals.
 11521 | Lair:3   | Received a gift from Okawaru
 11522 | Lair:3   | Got a jewelled helmet {god gift}
 11607 | Lair:3   | Found a labyrinth entrance.
 11620 | Lab      | Entered a labyrinth
 11715 | Lab      | Noticed a minotaur
 11727 | Lab      | Killed a minotaur
 11743 | Lab      | Identified the +2 helmet of Wuutt {Dex+2 Int+3} (Okawaru gifted it to you on level 3 of the Lair of Beasts)
 11801 | Lair:3   | Reached skill level 14 in Maces & Flails
 12199 | Lair:4   | Noticed Harold
 12211 | Lair:3   | Killed Harold
 12211 | Lair:3   | Reached skill level 10 in Shields
 12326 | Lair:4   | Reached skill level 10 in Armour
 12867 | Lair:4   | Received a gift from Okawaru
 12871 | Lair:4   | Got a distressingly furry shield {god gift}
 12883 | Lair:4   | Identified the -1 shield of Tulips {rPois rC+} (Okawaru gifted it to you on level 4 of the Lair of Beasts)
 13500 | Lair:5   | Noticed ciphuk's ghost (powerful DECj)
 13524 | Lair:5   | Killed ciphuk's ghost
 13860 | Lair:5   | Noticed a seven-headed hydra
 13873 | Lair:5   | Reached XP level 13. HP: 84/84 MP: 13/13
 13889 | Lair:5   | Killed a seven-headed hydra
 13889 | Lair:5   | Reached skill level 15 in Maces & Flails
 14040 | Lair:5   | Noticed an eight-headed hydra
 14048 | Lair:5   | Noticed a six-headed hydra
 14057 | Lair:5   | Killed an eight-headed hydra
 14073 | Lair:5   | Killed a six-headed hydra
 14975 | Lair:6   | Found a staircase to the Snake Pit.
 15129 | Lair:6   | Identified a scroll of acquirement
 15131 | Lair:6   | Got a shimmering eveningstar
 15132 | Lair:6   | Identified the +0,+5 eveningstar "Athy" {crush, Dex+4 Int+3} (You acquired it on level 6 of the Lair of Beasts)
 15138 | Lair:6   | Found a staircase to the Slime Pits.
 15197 | Lair:6   | Received a gift from Okawaru
 15198 | Lair:6   | Got a steaming helmet {god gift}
 15202 | Lair:6   | Identified the +0 helmet of Untruth {rF+ MR+ Str+3} (Okawaru gifted it to you on level 6 of the Lair of Beasts)
 15528 | Lair:7   | Found a white marble altar of Elyvilon.
 15857 | Lair:7   | Reached skill level 16 in Maces & Flails
 16540 | Lair:8   | Entered Level 8 of the Lair of Beasts
 16544 | Lair:8   | Noticed Econoterrorist's ghost (powerful SpEn)
 16553 | Lair:8   | Gained mutation: Your wings are large and strong. [gargoyle growth]
 16553 | Lair:8   | Reached XP level 14. HP: 92/92 MP: 14/14
 16592 | Lair:8   | Killed Econoterrorist's ghost
 17090 | Lair:8   | Noticed TZer0's ghost (powerful GrEE)
 17110 | Lair:8   | Killed from afar by TZer0's ghost

Action                   |  1- 3 |  4- 6 |  7- 9 | 10-12 | 13-15 || total
-------------------------+-------+-------+-------+-------+-------++-------
Melee: Flail             |    91 |       |   449 |       |       ||   540
       Whip              |    61 |   136 |    69 |       |       ||   266
       Morningstar       |       |       |    99 |  1461 |   237 ||  1797
       Eveningstar       |       |       |       |       |   332 ||   332
Invok: Heroism           |       |       |       |     4 |       ||     4
Evoke: Wand              |       |       |     2 |     7 |       ||     9
  Use: Scroll            |       |       |     4 |    18 |     3 ||    25
       Potion            |       |       |     6 |       |     2 ||     8
